 Dungeon Crawl Stone Soup version 0.20-a0-1033-g05abe66 (webtiles) character file.

131840 M4edhros the Peltast (level 17, -12/108 HPs)
             Began as an Octopode Abyssal Knight on Apr 21, 2017.
             Was the Champion of Lugonu.
             Killed from afar by a ghostly deep elf sorcerer (34 damage)
             ... with a bolt of acid
             ... on level 3 of the Elven Halls.
             The game lasted 01:07:15 (25535 turns).

M4edhros the Peltast (Octopode Abyssal Knight)     Turns: 25535, Time: 01:07:16

Health: -12/108    AC:  6    Str: 26    XL:     17   Next: 11%
Magic:  38/40      EV: 31    Int: 20    God:    Lugonu [******]
Gold:   784        SH: 31    Dex: 24    Spells: 7/35 levels left

rFire    + + .     SeeInvis +   C - +5 trident (venom)
rCold    + + +     Gourm    .   c - +7 large shield
rNeg     . . .     Faith    .   t - +3 hat of Pondering {ponderous, MR+ MP+10 Int+5}
rPois    +         Spirit   .   F - +2 amulet of reflection
rElec    .         Reflect  +   O - ring "Horch" {rC+ Slay+2 SInv Stlth+}
rCorr    .         Harm     .   D - +3 ring of evasion
MR       +++..                  K - +6 ring of evasion
Stlth    ++++++....             S - ring of protection from magic
Regen    0.3/turn               Y - ring of Wygyfoduz {rF+ Str+5}
MPRegen  0.3/turn               W - +5 ring of dexterity
                                Z - ring "Wovabb" {rPois rC+ Str+2 Slay+3 Stlth+}
                                w - ring "Xuluniag" {rF+ AC+2 SInv}

@: agile, hasted, very quick
A: almost no armour, stealthy swim, amphibious, 8 rings, constrict 8, tentacle
spike 1, camouflage 1, cold resistance 1, mutation resistance 1, strong 2,
gelatinous body 1, subdued magic 1
a: Depart the Abyss, Bend Space, Banish, Corrupt, Enter the Abyss, Brand Weapon
With Distortion, Renounce Religion


You were on level 3 of the Elven Halls.
You worshipped Lugonu.
Lugonu was exalted by your worship.
You were very hungry.

You visited 4 branches of the dungeon, and saw 24 of its levels.
You visited the Abyss 1 time.
You also visited: Labyrinth, Trove, Ossuary, Ice Cave and Volcano.

You collected 3181 gold pieces.
You spent 2397 gold pieces at shops.

Inventory:

Hand Weapons
 g - a +1 quick blade of distortion
 C - a +5 trident of venom (weapon)
Armour
 c - a +7 large shield (worn)
 t - the +3 hat of Pondering (worn) {ponderous, MR+ MP+10 Int+5}
   (You took it off Gastronok on level 11 of the Dungeon)

   It affects your intelligence (+5).
   It affects your resistance to hostile enchantments.
   It affects your magic capacity (+10).
Jewellery
 w - the ring "Xuluniag" (on tentacle) {rF+ AC+2 SInv}
   (You bought it in a shop on level 1 of the Elven Halls)

   [ring of protection]

   It affects your AC (+2).
   It protects you from fire.
   It lets you see invisible.
 D - a +3 ring of evasion (right tentacle)
 F - a +2 amulet of reflection (around mantle)
 I - an uncursed ring of wizardry
 K - a +6 ring of evasion (on tentacle)
 O - the ring "Horch" (left tentacle) {rC+ Slay+2 SInv Stlth+}
   (You bought it in a shop on level 1 of the Elven Halls)

   [ring of stealth]

   It affects your accuracy and damage with ranged weapons and melee attacks
   (+2).
   It protects you from cold.
   It lets you see invisible.
   It makes you more stealthy.
 S - a ring of protection from magic (on tentacle)
 W - a +5 ring of dexterity (on tentacle)
 Y - the ring of Wygyfoduz (on tentacle) {rF+ Str+5}
   (You found it in a labyrinth)

   [ring of protection from fire]

   It affects your strength (+5).
   It protects you from fire.
 Z - the ring "Wovabb" (on tentacle) {rPois rC+ Str+2 Slay+3 Stlth+}
   (You found it in an ice cave)

   [ring of poison resistance]

   It affects your strength (+2).
   It affects your accuracy and damage with ranged weapons and melee attacks
   (+3).
   It protects you from cold.
   It protects you from poison.
   It makes you more stealthy.
Wands
 j - a wand of iceblast (11/15)
 q - a wand of paralysis (15/24)
 M - a wand of digging (4/24)
 Q - a wand of acid (3/15)
 U - a wand of paralysis (15/24)
Scrolls
 a - a scroll of vulnerability
 d - 2 scrolls of recharging
 f - a scroll of fog
 h - 10 scrolls of teleportation
 i - a scroll of blinking
 v - 2 scrolls of fear
 y - 2 scrolls of magic mapping
 N - a scroll of brand weapon
 R - 5 scrolls of identify
 X - 3 scrolls of enchant weapon
Potions
 e - 2 potions of degeneration
 m - 4 potions of brilliance
 n - a potion of resistance
 p - 3 potions of might
 r - 8 potions of flight
 A - a potion of invisibility
 B - 3 potions of ambrosia
 H - a potion of lignification
 P - 2 potions of cancellation
Comestibles
 b - 15 bread rations
 l - 16 meat rations
 s - 19 fruits
 L - 4 royal jellies


   Skills:
 - Level 7.0 Fighting
   Level 8.7 Maces & Flails
 - Level 8.2 Polearms
 - Level 6.4 Dodging
 * Level 16.1 Shields
 - Level 9.5 Spellcasting
 - Level 3.7 Conjurations
 * Level 11.7 Transmutations
 - Level 5.4 Air Magic
 * Level 6.6 Earth Magic
 - Level 6.5 Poison Magic
 - Level 10.7 Invocations


You had 7 spell levels left.
You knew the following spells:

 Your Spells              Type           Power        Failure   Level  Hunger
a - Mephitic Cloud        Conj/Pois/Air  ###.....     6%          3    None
b - Beastly Appendage     Tmut           #####.       1%          1    None
c - Deflect Missiles      Chrm/Air       ###.......   100%        6    ######.
d - Summon Forest         Summ/Tloc      #.........   99%         5    #####..
e - Ignite Poison         Fire/Tmut/Pois ####....     4%          3    None
f - Lee's Rapid Deconstr  Erth           ####......   34%         5    #####..
g - Yara's Violent Unrav  Hex/Tmut       ####......   45%         5    #####..


Dungeon Overview and Level Annotations

Branches:
Dungeon (13/15)            Temple (0/1) D:4            Lair (6/6) D:10
  Swamp (0/4) Lair:4       Spider (0/4) Lair:3        Slime (0/5) Lair:5
    Orc (2/2) D:11            Elf (3/3) Orc:2
 Vaults: D:13-14

Altars:
Cheibriados
Dithmenos
Gozag
Hepliaklqana
Kikubaaqudgha
Makhleb
Okawaru
Vehumet
Yredelemnul
Zin

Shops:
D:6 :   D:12 %   Orc:2 }%**   Elf:1 }=}=   Elf:2 [

Portals:
Hell: Lair:6

Annotations:
D:4 luab's ghost, novice DsGl
Elf:3 corrupted
Abyss:1 Snorg; Urug


Innate Abilities, Weirdness & Mutations

You cannot wear most types of armour.
You are very stealthy in the water. (Stealth+)
You are amphibious.
You can wear up to eight rings at the same time.
You can use your tentacles to constrict eight enemies at once.
Your skin changes colour to match your surroundings (Stealth+).
Your rubbery body absorbs attacks. (AC +1, EV +1)
One of your tentacles bears a spike.
Your flesh is cold resistant. (rC+)
You are somewhat resistant to further mutation.
Your muscles are very strong. (Str +4)
Your spells are a little easier to cast, but a little less powerful.


Message History

The fire elemental is destroyed!
The deep elf sorcerer points at you and mumbles some strange words.
The bolt of acid hits the ufetubus.
The ufetubus is splashed with acid.
The acid corrodes the ufetubus!
The ufetubus dies!
The bolt of acid hits the ufetubus.
The ufetubus is splashed with acid.
The acid corrodes the ufetubus!
The ufetubus dies!
The starspawn tentacle constricts the deep elf elementalist.
You block the smoke demon's attack. The smoke demon closely misses you. x2
The deep elf master archer wields a longbow.
The deep elf master archer shoots an arrow.
The arrow hits the ynoxinul!!
The ynoxinul dies!
The ufetubus disappears in a puff of smoke! x2
The quasit bites the ghostly deep elf sorcerer.
The quasit claws the ghostly deep elf sorcerer. x2
The ghostly deep elf sorcerer gestures at you while chanting.
The bolt of acid hits you!
You die...

#. .... .ee§##
##....§.
.#e...###........
..§().##.###X....
.§Xe.#..XXeEY....
.XJX§.(.XX3eX.e..
#.xR(...x5eee.#
#..)#))3@e#.# #
#.((((Xww#
..###....V3x##.
...####)##5..).!
................
#e.....#......##
###.........##.#
#####.##### ##
#.#


You could see 2 deep elf master archers, 2 deep elf death magi, 2 deep elf
sorcerers, a ghostly deep elf sorcerer, a deep elf elementalist, a sun demon, a
deep elf demonologist, a large abomination, an earth elemental, a deep elf mage,
an ice beast, 6 neutral starcursed masses, a neutral tentacled starspawn, a
neutral rakshasa, a neutral large abomination, a neutral smoke demon
(wandering), a neutral neqoxec, 3 neutral small abominations, 2 neutral
starspawn tentacles, a neutral jelly, a neutral quasit and a neutral white imp.

Vanquished Creatures
  Saint Roka (Elf:3)
  2 deep elf blademasters
  Gastronok (D:11)
  Kirke (D:13)
  Donald (Orc:2)
  A deep elf demonologist (Elf:1)
  3 deep elf annihilators (Elf:3)
  A dire elephant (Lair:6)
  A minotaur (Lab)
  Josephine (D:12)
  A deep elf high priest (Elf:3)
  3 hydras
  Fannar (D:11)
  3 two-headed ogres
  17 dancing weapons
  17 deep elf knights
  3 orc high priests (Orc:2)
  A sun demon (Lair:6)
  A wizard (Lair:6)
  12 deep elf archers
  4 orc knights (Orc:2)
  8 orc sorcerers
  An oklob plant (Lair:6)
  47 deep elf magi
  A manticore (D:12)
  4 cyclopes
  4 elephants (Lair:2)
  12 spiny frogs
  6 black mambas
  2 molten gargoyles (Volcano)
  A smoke demon (Lair:6)
  2 orange demons (Lair:6)
  Joseph (D:7)
  2 ice statues (IceCv)
  4 rime drakes
  An efreet (Volcano)
  14 komodo dragons
  3 ice devils (Lair:6)
  6 trolls
  2 polar bears
  A red devil (Lair:6)
  3 tyrant leeches (Lair:4)
  The ghost of yrara the Skirmisher, an amateur DsFi of Jiyva (Ossuary)
  A minotaur skeleton (Lab)
  5 slime creatures
  Prince Ribbit (D:6)
  6 hippogriffs
  2 air elementals
  A shadow (D:13)
  A spriggan (Lair:3)
  9 wyverns
  Sigmund (D:2)
  A redback (Lair:3)
  6 wraiths
  3 hogs (D:13)
  4 water elementals
  57 yaks
  Grum (D:10)
  8 fire elementals
  9 basilisks
  A steam dragon (Lair:5)
  A hungry ghost (D:10)
  Menkaure (Ossuary)
  Edmund (D:5)
  A warg (Orc:2)
  A swamp worm (Lair:4)
  2 acid dragons (Lair:5)
  14 water moccasins
  4 porcupines
  4 hell hounds (Lair:6)
  A swamp drake (Lair:5)
  4 sky beasts
  A black bear (D:8)
  20 orc warriors
  A necrophage (D:11)
  2 phantoms
  18 ice beasts
  11 ogres
  2 wolves (D:10)
  13 crocodiles
  4 centaurs
  Blork the orc (D:6)
  A big kobold (D:8)
  15 bullfrogs
  A wyvern zombie (D:8)
  6 earth elementals
  A gnoll sergeant (D:8)
  4 scorpions
  12 killer bees
  The ghost of yrara the Skirmisher, a weakling DsFi (D:3)
  5 wights (D:11)
  An electric eel (Lair:5)
  12 crimson imps
  A centaur zombie (D:7)
  A howler monkey (D:4)
  A bullfrog zombie (D:11)
  A quasit (D:8)
  5 jellies
  18 orc wizards
  A hound (D:8)
  A centaur skeleton (Lab)
  11 orc priests
  An iron imp (Abyss:1)
  Terence (D:2)
  An iguana (D:4)
  9 worker ants
  A killer bee zombie (D:8)
  A hound skeleton (D:6)
  2 mummies (Ossuary)
  Robin (D:2)
  11 gnolls
  11 adders
  2 shadow imps
  12 white imps (Lair:3)
  An ooze (D:2)
  An ooze (shapeshifter) (D:13)
  2 adder zombies
  An adder skeleton (D:7)
  3 worms
  2 dart slugs
  3 leopard geckos
  49 orcs
  4 ball pythons
  3 bats
  5 giant cockroaches
  17 goblins
  10 hobgoblins
  31 jackals
  3 quokkas
  6 frilled lizards
  A giant cockroach zombie (D:5)
  3 gnoll skeletons (Ossuary)
  5 goblin skeletons (Ossuary)
  4 goblin zombies (Ossuary)
  A hobgoblin skeleton (Ossuary)
  13 kobolds
  3 kobold skeletons (Ossuary)
  5 kobold zombies (Ossuary)
  2 orc skeletons (Ossuary)
  4 orc zombies (Ossuary)
  A quokka skeleton (D:6)
  10 rats
  2 rat skeletons (Ossuary)
  A bush (Lair:6)
  5 plants (Lair:3)
779 creatures vanquished.

Vanquished Creatures (others)
  2 deep elf master archers (Elf:3)
  2 deep elf sorcerers (Elf:3)
  2 deep elf elementalists (Elf:3)
  3 deep elf demonologists (Elf:3)
  A slime creature (D:13)
  4 hydras
  An ice dragon (IceCv)
  4 deep elf knights
  4 deep elf archers
  A deep elf mage (Elf:2)
  An efreet (Volcano)
  A troll (D:9)
  A vampire (D:13)
  A fire elemental (Elf:3)
  3 humans
  An orc wizard (Orc:2)
  A jelly (D:9)
  A mummy (Ossuary)
  An orc (Elf:3)
  3 gnoll zombies (Ossuary)
  A goblin skeleton (Ossuary)
  4 goblin zombies (Ossuary)
  A hobgoblin skeleton (Ossuary)
  3 kobold skeletons (Ossuary)
  A kobold zombie (Ossuary)
  3 orc skeletons (Ossuary)
  3 orc zombies (Ossuary)
  A rat skeleton (Ossuary)
  A rat zombie (Ossuary)
  A fungus (Lair:5)
  A starspawn tentacle (Elf:3)
58 creatures vanquished.

Grand Total: 837 creatures vanquished

Notes
Turn   | Place    | Note
-------+----------+-------------------------------------------
     0 | Abyss:1  | M4edhros the Octopode Abyssal Knight began the quest for the Orb.
     0 | Abyss:1  | Reached XP level 1. HP: 16/16 MP: 2/2
    50 | Abyss:1  | Found a corrupted altar of Lugonu.
    73 | Abyss:1  | Noticed an iron imp
   116 | Abyss:1  | Killed an iron imp
   116 | Abyss:1  | Reached XP level 2. HP: 21/21 MP: 3/3
   116 | Abyss:1  | Reached XP level 3. HP: 26/26 MP: 4/4
   150 | Abyss:1  | Noticed a large abomination
   153 | Abyss:1  | Noticed a ynoxinul
   164 | Abyss:1  | Noticed a starcursed mass
   182 | D:1      | Escaped the Abyss
   890 | D:2      | Reached skill level 1 in Shields
   896 | D:2      | Noticed Robin
   903 | D:2      | Killed Robin
   903 | D:2      | Reached XP level 4. HP: 21/31 MP: 5/5
   950 | D:2      | Noticed Terence
  1090 | D:2      | Killed Terence
  1090 | D:2      | Reached skill level 2 in Shields
  1182 | D:2      | Reached ** piety under Lugonu
  1243 | D:2      | Noticed Sigmund
  1311 | D:3      | Noticed yrara's ghost (weakling DsFi)
  1343 | D:3      | Gained mutation: Your spells are a little easier to cast, but a little less powerful. [potion of mutation]
  1343 | D:3      | Gained mutation: Your muscles are strong. (Str +2) [potion of mutation]
  1343 | D:3      | Gained mutation: One of your tentacles bears a spike. [potion of mutation]
  1343 | D:3      | Gained mutation: Your flesh is cold resistant. (rC+) [potion of mutation]
  1379 | D:3      | Killed yrara's ghost
  1379 | D:3      | Reached XP level 5. HP: 25/36 MP: 6/6
  1476 | D:3      | Reached skill level 3 in Shields
  1725 | D:2      | You fall through a shaft!
  1737 | D:3      | Reached XP level 6. HP: 19/42 MP: 8/8
  2233 | D:3      | Reached *** piety under Lugonu
  2377 | D:2      | Killed Sigmund
  2377 | D:2      | Reached skill level 4 in Shields
  2663 | D:2      | Reached XP level 7. HP: 46/46 MP: 9/9
  2830 | D:4      | Found a staircase to the Ecumenical Temple.
  2886 | D:4      | Noticed luab's ghost (novice DsGl)
  3275 | D:4      | Reached skill level 5 in Polearms
  3469 | D:5      | Entered Level 5 of the Dungeon
  3481 | D:5      | Noticed Edmund
  3497 | D:5      | Killed Edmund
  3497 | D:5      | Reached skill level 5 in Shields
  3497 | D:5      | Reached skill level 5 in Invocations
  3621 | D:5      | Reached XP level 8. HP: 25/52 MP: 4/12
  3637 | D:5      | Found a sand-covered staircase.
  3726 | Ossuary  | Entered an ossuary
  3783 | Ossuary  | Reached **** piety under Lugonu
  3973 | Ossuary  | Noticed yrara's ghost (amateur DsFi)
  3994 | Ossuary  | Killed yrara's ghost
  3997 | Ossuary  | Noticed Menkaure
  4004 | Ossuary  | Killed Menkaure
  4310 | D:5      | Reached skill level 6 in Shields
  4863 | D:6      | Noticed Prince Ribbit
  4873 | D:6      | Killed Prince Ribbit
  5040 | D:6      | Reached XP level 9. HP: 38/56 MP: 12/14
  5128 | D:6      | Found an iron altar of Okawaru.
  5229 | D:6      | Found Biakeplu's Book Emporium.
  5232 | D:6      | Reached skill level 7 in Shields
  5324 | D:6      | Noticed Blork the orc
  5337 | D:6      | Killed Blork the orc
  5519 | D:6      | Got a twisted hunting sling
  5521 | D:6      | Identified the +2 hunting sling of the Shore {freeze, rElec rPois Str+4 Int-3} (You took it off an orc warrior on level 6 of the Dungeon)
  6176 | D:7      | Learned a level 3 spell: Mephitic Cloud
  6451 | D:7      | Found a radiant altar of Vehumet.
  6452 | D:7      | Found a burning altar of Makhleb.
  6527 | D:7      | Reached ***** piety under Lugonu
  6568 | D:7      | Noticed Joseph
  6572 | D:7      | Reached skill level 1 in Conjurations
  6578 | D:7      | Killed Joseph
  6578 | D:7      | Reached skill level 1 in Spellcasting
  6578 | D:7      | Reached skill level 1 in Air Magic
  6578 | D:7      | Reached skill level 1 in Poison Magic
  6793 | D:7      | Found a glowing silver altar of Zin.
  6794 | D:7      | Found an opulent altar of Gozag.
  7131 | D:8      | Noticed a two-headed ogre
  7427 | D:8      | Killed a two-headed ogre
  7427 | D:8      | Reached skill level 8 in Shields
  7427 | D:8      | Reached XP level 10. HP: 32/64 MP: 13/16
  7894 | D:8      | Found an ancient bone altar of Kikubaaqudgha.
  8106 | D:8      | Found a basalt altar of Yredelemnul.
  8106 | D:8      | Found a snail-covered altar of Cheibriados.
  8106 | D:8      | Found a hazy altar of Hepliaklqana.
  8110 | D:8      | Found a shadowy altar of Dithmenos.
  8825 | D:9      | Reached skill level 5 in Fighting
  8977 | D:9      | Noticed a two-headed ogre
  8986 | D:9      | Killed a two-headed ogre
  9231 | D:9      | Reached XP level 11. HP: 62/72 MP: 17/17
  9405 | D:9      | Reached skill level 9 in Shields
  9538 | D:10     | Entered Level 10 of the Dungeon
  9572 | D:10     | Noticed Grum
  9592 | D:10     | Killed Grum
  9801 | D:10     | Found a staircase to the Lair.
  9936 | D:10     | Learned a level 1 spell: Beastly Appendage
 10173 | D:11     | Reached skill level 5 in Dodging
 10182 | D:11     | Noticed a cyclops
 10195 | D:11     | Killed a cyclops
 10195 | D:11     | Reached skill level 1 in Transmutations
 10312 | D:11     | Noticed Gastronok
 10336 | D:11     | Killed Gastronok
 10594 | D:11     | Noticed Urug
 10738 | D:11     | Noticed Fannar
 10753 | D:11     | Killed Fannar
 10879 | D:11     | Reached ****** piety under Lugonu
 11240 | D:11     | Reached XP level 12. HP: 71/79 MP: 18/18
 11257 | D:11     | Found a staircase to the Orcish Mines.
 11350 | D:11     | Banished Urug
 11350 | D:11     | Reached skill level 5 in Poison Magic
 11792 | D:12     | Reached skill level 10 in Shields
 12047 | D:12     | Noticed a five-headed hydra
 12050 | D:12     | Banished a five-headed hydra
 12062 | D:12     | Noticed Josephine
 12099 | D:12     | Killed Josephine
 12177 | D:12     | Found Itautroe's Food Shoppe.
 12605 | D:13     | Gained mutation: You are dopey. (Int -2) [mutagenic meat]
 12607 | D:13     | Lost mutation: You are dopey. (Int -2) [mutagenic meat]
 12609 | D:13     | Gained mutation: You are somewhat resistant to further mutation. [mutagenic meat]
 12620 | D:13     | Found a labyrinth entrance.
 12629 | Lab      | Entered a labyrinth
 13018 | Lab      | Noticed a minotaur
 13032 | Lab      | Killed a minotaur
 13034 | Lab      | Identified the Volume of the Three Lies
 13035 | Lab      | Got a crude ivory ring
 13036 | Lab      | Identified the ring of Wygyfoduz {rF+ Str+5} (You found it in a labyrinth)
 13038 | Lab      | Identified a scroll of acquirement
 13040 | Lab      | Got a smoking halberd
 13048 | Lab      | Identified the cursed +1 halberd "Xoummaa" {flame, Dex+6} (You found it in a labyrinth)
 13053 | Lab      | Got a slimy demon whip
 13054 | Lab      | Identified the +6 demon whip of Gemiuxtea {drain, *Slow rF+ Int+2 Dex+5} (You acquired it in a labyrinth)
 13092 | D:13     | Reached skill level 5 in Air Magic
 13303 | D:13     | Gained mutation: Your muscles are very strong. (Str +4) [mutagenic meat]
 13334 | D:13     | Noticed Kirke
 13342 | D:13     | Killed Kirke
 13342 | D:13     | Reached skill level 1 in Maces & Flails
 13355 | D:13     | Reached skill level 5 in Transmutations
 13361 | D:13     | Reached skill level 5 in Spellcasting
 13424 | D:13     | Reached XP level 13. HP: 41/85 MP: 20/20
 13738 | Orc:1    | Entered Level 1 of the Orcish Mines
 13818 | Orc:1    | Found a dark tunnel.
 13824 | Volcano  | Entered a volcano
 14004 | Volcano  | Reached skill level 11 in Shields
 14092 | Volcano  | Reached skill level 10 in Invocations
 14762 | Orc:2    | Entered Level 2 of the Orcish Mines
 14863 | Orc:2    | Noticed Donald
 14881 | Orc:2    | Killed Donald
 14991 | Orc:2    | Noticed Snorg
 14999 | Orc:2    | Banished Snorg
 15111 | Orc:2    | Found a staircase to the Elven Halls.
 15214 | Orc:2    | Found Vaaf's Assorted Antiques.
 15826 | Orc:2    | Found Jewes's Gadget Shoppe.
 15827 | Orc:2    | Found Xeudiupe's General Store.
 15827 | Orc:2    | Found Opeonugu's Food Boutique.
 15871 | Orc:2    | Bought a scroll of identify for 70 gold pieces
 15871 | Orc:2    | Bought a scroll labeled DIRA IMPELA for 35 gold pieces
 15871 | Orc:2    | Bought a scroll of enchant armour for 262 gold pieces
 16093 | D:11     | Reached XP level 14. HP: 92/92 MP: 23/23
 16102 | D:10     | Reached skill level 12 in Shields
 16152 | Lair:1   | Entered Level 1 of the Lair of Beasts
 16568 | Lair:1   | Reached skill level 5 in Maces & Flails
 17734 | Lair:3   | Found a frozen archway.
 17757 | IceCv    | Entered an ice cave
 17959 | IceCv    | Got a sparkling bronze ring
 17960 | IceCv    | Identified the ring "Wovabb" {rPois rC+ Str+2 Slay+3 Stlth+} (You found it in an ice cave)
 18339 | Lair:3   | Found a hole to the Spider Nest.
 19197 | Lair:4   | Reached skill level 13 in Shields
 19652 | Lair:4   | Found a staircase to the Swamp.
 19736 | Lair:4   | Got a smoking spear
 19737 | Lair:4   | Identified the cursed +0 spear of the Traitor {flame, Str+4 Int-4 Dex+8 SInv} (You found it on level 4 of the Lair of Beasts)
 20202 | Lair:5   | Found a staircase to the Slime Pits.
 20649 | Lair:6   | Entered Level 6 of the Lair of Beasts
 20733 | Lair:6   | Reached XP level 15. HP: 91/97 MP: 27/27
 21345 | Lair:6   | Found a burning altar of Makhleb.
 21408 | Lair:6   | Found a gateway to Hell.
 21609 | Lair:6   | Reached skill level 14 in Shields
 21966 | Elf:1    | Entered Level 1 of the Elven Halls
 22102 | Elf:1    | Found Teqeseah's Jewellery Boutique.
 22110 | Elf:1    | Bought the ring "Xuluniag" {rF+ AC+2 SInv} for 507 gold pieces
 22111 | Elf:1    | Bought a +4 ring of strength for 486 gold pieces
 22119 | Elf:1    | Found Ipyigix's Gadget Emporium.
 22121 | Elf:1    | Found Tukezipn's Jewellery Boutique.
 22122 | Elf:1    | Found Ticricwu's Gadget Emporium.
 22128 | Elf:1    | Bought an uncursed ring of wizardry for 420 gold pieces
 22128 | Elf:1    | Bought the ring "Horch" {rC+ Slay+2 SInv Stlth+} for 617 gold pieces
 22592 | Elf:1    | Identified the Tome of Calling
 22612 | Elf:1    | Learned a level 6 spell: Deflect Missiles
 22618 | Elf:1    | Learned a level 5 spell: Summon Forest
 23076 | Elf:2    | Reached XP level 16. HP: 80/103 MP: 29/29
 23175 | Elf:2    | Found Gunab's Armour Shop.
 23184 | Elf:2    | Reached skill level 15 in Shields
 23220 | Elf:2    | Found a portal to a secret trove of treasure.
 23451 | Elf:2    | You paid a toll of a +6 demon whip to enter a treasure trove
 23452 | Trove    | Entered a treasure trove
 23463 | Trove    | Identified the Tome of the Kraken
 23525 | Trove    | Identified the Tome of Earthen Bewitchment
 23528 | Trove    | Identified Nutad's Reference Book on Shape Shifting
 23537 | Trove    | Learned a level 3 spell: Ignite Poison
 23547 | Trove    | Learned a level 5 spell: Lee's Rapid Deconstruction
 23554 | Trove    | Learned a level 5 spell: Yara's Violent Unravelling
 23670 | Elf:2    | Reached skill level 1 in Earth Magic
 23676 | Elf:2    | Reached skill level 10 in Transmutations
 23834 | Elf:2    | Found a runed gate.
 23834 | Elf:2    | Found a runed gate.
 23834 | Elf:2    | Found a runed gate.
 23851 | Elf:2    | Noticed a deep elf blademaster
 23861 | Elf:2    | Killed a deep elf blademaster
 24957 | Elf:3    | Entered Level 3 of the Elven Halls
 24968 | Elf:3    | Reached skill level 5 in Earth Magic
 25236 | Elf:3    | Noticed Saint Roka
 25255 | Elf:3    | Killed Saint Roka
 25369 | Elf:3    | Reached skill level 16 in Shields
 25369 | Elf:3    | Reached XP level 17. HP: 70/108 MP: 30/30
 25513 | Elf:3    | Noticed a deep elf blademaster
 25513 | Elf:3    | Noticed a deep elf master archer
 25513 | Elf:3    | Noticed a deep elf master archer
 25516 | Elf:3    | Corrupted Elf:3
 25516 | Elf:3    | Noticed a tentacled starspawn
 25516 | Elf:3    | Noticed a tentacled starspawn
 25523 | Elf:3    | Noticed a deep elf master archer
 25523 | Elf:3    | Killed a deep elf master archer
 25526 | Elf:3    | Killed a deep elf blademaster
 25529 | Elf:3    | Killed a deep elf master archer
 25533 | Elf:3    | Noticed a deep elf master archer
 25535 | Elf:3    | Killed from afar by a ghostly deep elf sorcerer

Vault maps used:
D:1:      lemuel_arrival_behind_the_door_small, kennysheep_another_room
D:2:      uniq_jessica, uniq_sigmund, uniq_robin, uniq_terence
D:3:      kennysheep_generic_room_9
D:4:      minmay_temple_entry_statues
D:5:      first_bread, nicolae_ossuary_entry_plus, kennysheep_generic_room_5,
          uniq_edmund
D:6:      kennysheep_okawaru_gauntlet, serial_shops, shop, uniq_menkaure,
          uniq_blork_the_orc, uniq_prince_ribbit1
D:7:      grunt_temple_overflow_gold_and_silver,
          grunt_temple_overflow_lords_of_destruction, grunt_ogre_cave,
          uniq_joseph
D:8:      chequers_temple_overflow_statue_of_worship, tgw_kikubaaqudgha
D:10:     lair_entry_dummy, uniq_grum
D:11:     orc_0_dummy, hangedman_decor_peaks_small, uniq_gastronok, uniq_urug,
          uniq_fannar
D:12:     serial_shops, nicolae_shop_competitors_out_of_business, uniq_josephine
D:13:     grunt_vaults_entry_tiered, lab_entry_generic, uniq_frances,
          uniq_kirke, uniq_nessos
Lair:1:   serial_bayou, serial_bayou_lagoon_a, serial_bayou_pond_c,
          serial_bayou_shore_b, serial_bayou_crossing, serial_bayou_shore_b
Lair:2:   st_stairs_11
Lair:3:   spider_nest_entry_a, portal_ice_cave_entry_imps, wad_woods_03
Lair:4:   minmay_swamp_entry_worms, beast_lair_carwin_5
Lair:5:   minmay_slime_entry_pillars, grunt_forest_small_clearings, st_stairs_7,
          guppyfry_lair_drakes, grunt_megastairs_4, serial_bayou_shore_b
Lair:6:   evil_forest, minmay_lair_oklob_items, grunt_megastairs_5
Orc:1:    enter_volcano_2, nicolae_orc_bridge_out
Orc:2:    st_orc_elflike, uniq_snorg, uniq_donald
Elf:1:    eino_elf_arrival_customs, serial_shops, shop, minmay_elf_demonology,
          minmay_misc_feat_ornament, minmay_shop_grove
Elf:2:    serial_shops, shop, enter_trove_1
Elf:3:    minmay_elf_hall_circle, grunt_ministairs_6, uniq_saint_roka
Lab:      nicolae_lab_diamond, nicolae_lab_starburst,
          labyrinth_skeletal_remains, nicolae_lab_stuck, labyrinth_lava_lair,
          nicolae_lab_grate_2, labyrinth_fake_exit
Trove:    trove_books_scrolls
Ossuary:  ossuary_due_pyramid
IceCv:    ice_cave_small_dragons
Volcano:  volcano_aerie

Skill      XL: |  1  2  3  4  5  6  7  8  9 10 11 12 13 14 15 16 |
---------------+-------------------------------------------------+-----
Polearms       | 3 4 5 6 7 8 |  8.2
Shields        | 1 2 3 4 5 6 8 9 10 11 13 14 16 | 16.1
Invocations    | 3 5 7 8 9 10 | 10.7
Dodging        | 3 4 5 6 |  6.4
Conjurations   | 2 3 |  3.7
Spellcasting   | 1 3 4 5 6 8 9 |  9.5
Air Magic      | 2 3 4 5 |  5.4
Poison Magic   | 2 3 4 6 |  6.5
Fighting       | 4 5 6 7 |  7.0
Transmutations | 3 5 7 8 9 11 | 11.7
Maces & Flails | 1 4 6 8 |  8.7
Earth Magic    | 6 |  6.6

Action                   |  1- 3 |  4- 6 |  7- 9 | 10-12 | 13-15 | 16-18 || total
-------------------------+-------+-------+-------+-------+-------+-------++-------
Melee: Spear             |    43 |   199 |   440 |   426 |    23 |       ||  1131
       Constrict         |     7 |    27 |    77 |    79 |   150 |    51 ||   391
       Tentacles         |     2 |    13 |    92 |   200 |   442 |   100 ||   849
       Kick              |       |    27 |   149 |   331 |   673 |   137 ||  1317
       Trident           |       |       |       |   313 |    50 |   254 ||   617
       Demon whip        |       |       |       |    66 |   955 |    28 ||  1049
Invok: Banish            |       |       |       |     7 |    21 |     1 ||    29
       Corrupt           |       |       |       |       |       |     1 ||     1
Evoke: Wand              |       |       |    10 |    23 |     1 |     6 ||    40
       Box of beasts     |       |       |       |     3 |       |       ||     3
  Use: Potion            |       |     8 |     6 |    11 |    10 |     6 ||    41
       Scroll            |       |       |     4 |    23 |    21 |     2 ||    50
 Stab: Sleeping          |     2 |     4 |    13 |    10 |    35 |    14 ||    78
       Distracted        |       |     1 |     1 |     4 |     4 |     3 ||    13
       Invisible         |       |       |       |     3 |       |       ||     3
  Eat: Chunk             |       |     6 |    13 |    26 |    29 |     9 ||    83
       Royal jelly       |       |       |     1 |       |     3 |       ||     4
       Meat ration       |       |       |     1 |       |       |       ||     1
       Bread ration      |       |       |       |       |     1 |       ||     1
Armor: Skin              |     1 |    45 |     8 |    16 |    26 |     8 ||   104
Dodge: Dodged            |     4 |    33 |    46 |   212 |   402 |    75 ||   772
Block: Large shield      |    11 |   131 |   208 |   494 |   495 |   272 ||  1611
       Shield            |       |       |       |       |   262 |       ||   262
       Reflection        |       |       |       |       |    28 |    59 ||    87
